 Dungeon Crawl Stone Soup version 0.26-a0-690-gcb57259078 (webtiles) character file.

Game seed: 12219287386952535014

1964 Peloso the Carver (level 9, -2/78 HPs)
             Began as a Minotaur Fighter on Oct 24, 2020.
             Killed from afar by an ancient lich (28 damage)
             ... with a lance of force
             ... on level 3 of the Abyss.
             The game lasted 00:10:53 (6633 turns).

Peloso the Carver (Minotaur Fighter)                Turns: 6633, Time: 00:10:54

Health: -2/78      AC: 12    Str: 23    XL:     9   Next: 0%
Magic:  8/8        EV:  7    Int:  5    God:
Gold:   458        SH: 11    Dex: 11    Spells: 8/8 levels left

rFire    . . .     SeeInvis .   a - +1 long sword
rCold    . . .     Faith    .   c - +0 kite shield
rNeg     . . .     Spirit   .   m - +0 chain mail
rPois    .         Reflect  .   (helmet restricted)
rElec    .         Harm     .   o - +1 cloak
rCorr    .         Rampage  .   (no gloves)
MR       .....                  (no boots)
Stlth    ..........             k - amulet of the acrobat
HPRegen  0.23/turn              (no ring)
MPRegen  0.11/turn              (no ring)

@: slowed, lightly drained, very slow
A: retaliatory headbutt, horns 2
a: no special abilities


You were on level 3 of the Abyss.
You visited 2 branches of the dungeon, and saw 8 of its levels.
You visited the Abyss 1 time.
You also visited: Ossuary.

You collected 458 gold pieces.

Inventory:

Hand Weapons
 a - a +1 long sword (weapon)
Armour
 b - a +0 scale mail
 c - a +0 kite shield (worn)
 m - a +0 chain mail (worn)
 o - a +1 cloak (worn)
Jewellery
 k - an amulet of the acrobat (around neck)
Wands
 p - a wand of polymorph (6)
Scrolls
 e - 3 scrolls of noise {unknown}
 g - 5 scrolls of enchant weapon
 h - 4 scrolls of magic mapping
 i - 3 scrolls of identify
 j - 2 scrolls of enchant armour {unknown}
 l - 3 scrolls of amnesia {unknown}
 n - 3 scrolls of remove curse
 q - a scroll of fear {unknown}
 v - 2 scrolls of teleportation {unknown}
 w - a scroll of random uselessness {unknown}
Potions
 d - a potion of might
 f - 4 potions of curing
 r - 2 potions of haste
 s - 3 potions of flight
 t - a potion of berserk rage
 u - 2 potions of mutation {unknown}


   Skills:
 + Level 6.4(6.2) Fighting
 + Level 8.8(8.5) Long Blades
 + Level 7.2(7.0) Armour
 + Level 2.2(1.9) Dodging
 + Level 0.3(0.0) Stealth
 + Level 7.8(7.5) Shields


You had 8 spell levels left.
You didn't know any spells.
Your spell library contained the following spells:

 Spells                   Type           Power        Failure   Level
 Magic Dart               Conj           #...         100%        1
 Searing Ray              Conj           #.....       100%        2
 Dazzling Flash           Conj/Hex       #.....       100%        3
 Fulminant Prism          Conj/Hex       #.........   100%        4
 Iskenderun's Mystic Bla  Conj/Tloc      #.......     100%        4


Dungeon Overview and Level Annotations

Branches:
Dungeon (7/15)             Temple (1/1) D:7         Ossuary (visited)

Altars:
Dithmenos
Elyvilon
Gozag
Hepliaklqana
Kikubaaqudgha
Nemelex Xobeh
Qazlal
Sif Muna
Trog
Uskayaw
Vehumet
Wu Jian
Xom
Yredelemnul
Zin
The Shining One

Annotations:
D:5 1 runed translucent door, ivopereira's ghost, amateur HOFi
D:7 Maggie


Innate Abilities, Weirdness & Mutations

You reflexively headbutt those who attack you in melee.
You have a pair of horns on your head.


Message History

The ancient lich shouts!
Found a potion of heal wounds.
You hit the ancient lich.
The ancient lich is lightly damaged.
The ancient lich casts a spell at you.
You feel yourself slow down.
You hit the ancient lich but do no damage.
The ancient lich is lightly damaged.
The ancient lich touches you but does no damage.
The ancient lich casts a spell at you. The bolt of cold hits you!!!
Ouch! That really hurt!
You completely miss the ancient lich.
The ancient lich is lightly damaged.
The ancient lich touches you.
You feel drained.
You hit the ancient lich but do no damage.
The ancient lich is lightly damaged.
The ancient lich points at you and mumbles some strange words.
The lance of force hits you!!
You die...

#.......... ##
##......... #.#.!.
.....#...# .. ...
##....... .....
#..?.#..###...####
##.......##.#.#....
...............#..#
##L@...........
#..............#...
...............!...
#.................#
##............#....
#......#....#....
#..#....#.........
#+#........##.....
.. ....#.. .....


You could see an ancient lich.

Vanquished Creatures
  A water moccasin (D:6)
  A sky beast (D:5)
  2 ice beasts
  A phantom (D:3)
  A centaur (D:6)
  2 elf zombies (Ossuary)
  2 bullfrogs
  3 howler monkeys
  5 centaur zombies
  A bullfrog zombie (D:5)
  2 centaur skeletons
  4 hounds
  A bullfrog skeleton (D:7)
  Crazy Yiuf (D:2)
  3 orc priests
  3 orc wizards
  4 worker ants
  A big kobold zombie (Ossuary)
  A hound skeleton (D:4)
  3 mummies
  10 adders
  6 gnolls
  A white imp (D:4)
  3 ufetubi
  An adder skeleton (D:6)
  2 worms
  2 dart slugs
  A leopard gecko (D:2)
  18 orcs
  4 bats
  6 giant cockroaches
  2 goblins
  6 hobgoblins
  4 kobolds
  2 quokkas (D:5)
  2 ball pythons (D:4)
  4 frilled lizards
  3 goblin zombies (Ossuary)
  6 hobgoblin zombies (Ossuary)
  12 kobold zombies (Ossuary)
  A leopard gecko zombie (D:6)
  7 orc zombies (Ossuary)
  A quokka zombie (D:5)
  2 rats (D:2)
  2 rat zombies (Ossuary)
150 creatures vanquished.

Vanquished Creatures (others)
  A rat (D:3)
1 creature vanquished.

Grand Total: 151 creatures vanquished

Notes
Turn   | Place    | Note
-------+----------+-------------------------------------------
     0 | D:1      | Peloso the Minotaur Fighter began the quest for the Orb.
     0 | D:1      | Reached XP level 1. HP: 19/19 MP: 0/0
   572 | D:1      | Reached XP level 2. HP: 27/27 MP: 1/1
  1048 | D:2      | Reached XP level 3. HP: 33/33 MP: 2/2
  1310 | D:2      | Found a runed translucent door.
  1311 | D:2      | Noticed Crazy Yiuf
  1368 | D:2      | Reached XP level 4. HP: 40/40 MP: 3/3
  1726 | D:2      | Killed Crazy Yiuf
  1726 | D:2      | Reached skill level 3 in Long Blades
  1813 | D:3      | Reached XP level 5. HP: 47/47 MP: 4/4
  1818 | D:3      | Found a shimmering altar of Xom.
  1880 | D:3      | Reached skill level 5 in Shields
  2106 | D:3      | Noticed a phantom
  2131 | D:3      | Killed a phantom
  2131 | D:3      | Reached skill level 4 in Long Blades
  2131 | D:3      | Reached skill level 5 in Armour
  2131 | D:3      | Reached XP level 6. HP: 51/53 MP: 5/5
  2189 | D:3      | Found a white marble altar of Elyvilon.
  2463 | D:4      | Found an ornate altar of the Wu Jian Council.
  2469 | D:4      | Reached skill level 1 in Dodging
  2601 | D:4      | Found a radiant altar of Vehumet.
  2660 | D:4      | Found a hide-covered altar of Uskayaw.
  3069 | D:4      | Reached skill level 5 in Fighting
  3408 | D:5      | Entered Level 5 of the Dungeon
  3408 | D:5      | Found a runed translucent door.
  3409 | D:5      | Noticed ivopereira's ghost (amateur HOFi)
  3479 | D:5      | Noticed an ice beast
  3496 | D:5      | Killed an ice beast
  3496 | D:5      | Reached skill level 5 in Long Blades
  3496 | D:5      | Reached XP level 7. HP: 50/61 MP: 6/6
  4061 | D:5      | Reached skill level 6 in Long Blades
  4439 | D:5      | Reached XP level 8. HP: 56/70 MP: 7/7
  4623 | D:5      | Found a bloodstained altar of Trog.
  5199 | D:6      | Found a sand-covered staircase.
  5210 | Ossuary  | Entered an ossuary
  5250 | Ossuary  | Reached skill level 7 in Long Blades
  5749 | D:6      | Reached skill level 8 in Long Blades
  6346 | D:7      | Found a staircase to the Ecumenical Temple.
  6433 | Temple   | Entered the Ecumenical Temple
  6521 | D:7      | Reached XP level 9. HP: 78/78 MP: 8/8
  6532 | D:7      | Noticed Maggie
  6537 | D:7      | Cast into level 2 of the Abyss (Maggie)
  6600 | Abyss:2  | Noticed a rakshasa
  6626 | Abyss:3  | Noticed an ancient lich
  6633 | Abyss:3  | Killed from afar by an ancient lich

Illustrated notes

Levels and vault maps discovered:
D:1:      minmay_arrival_diagonal_passages, layout_basic
D:2:      layout_loops_ring, uniq_crazy_yiuf_cottage
D:3:      layout_rooms, xom_teletrap_fun, elyvilon_altar_4
D:4:      layout_basic, lemuel_doored_altar, lemuel_crystal_altar,
          eat_drink_and_be_merry_uskayaw, chequers_decorated_corner
D:5:      wander_river, layout_basic, ebering_ghost_sewer_d, basic_altar,
          minmay_bent
D:6:      layout_loops_cross, gup_ossuary_entry_pyramid,
          hangedman_decor_riveting
D:7:      layout_loops_ring, minmay_temple_entry_purple_smoke, uniq_maggie
Temple:   compressed_dpeg_circular_temple
Abyss:3:  base:
D:13

Skill      XL: |  1  2  3  4  5  6  7  8 |
---------------+-------------------------+-----
Shields        | 4 5 6 7 |  7.8
Armour         | 4 5 6 7 |  7.2
Fighting       | 4 5 6 |  6.4
Long Blades    | 3 4 5 6 8 |  8.8
Dodging        | 1 2 |  2.2
Stealth        | |  0.3

Action                   |  1- 3 |  4- 6 |  7- 9 || total
-------------------------+-------+-------+-------++-------
Melee: Long sword        |    67 |   147 |   286 ||   500
       Headbutt          |     8 |    22 |    63 ||    93
  Use: Potion            |     5 |       |     1 ||     6
       Scroll            |       |     1 |     5 ||     6
Armor: Scale mail        |    17 |       |       ||    17
       Chain mail        |    16 |    80 |   145 ||   241
       Skin              |     4 |       |       ||     4
Dodge: Dodged            |    23 |    53 |    86 ||   162
Block: Kite shield       |    36 |   107 |   159 ||   302
       Rpst.: Long sword |     3 |    13 |    22 ||    38

Table legend: (Time is in decaauts)
 A = Elapsed time spent in this place.
 B = Non-inter-level travel time spent in this place.
 C = Inter-level travel time spent in this place.
 D = Time resting spent in this place.
 E = Time spent auto-exploring this place.
 F = Levels seen in this place.
 G = Mean time per level.
                   A        B        C        D        E       F      G
               +--------+--------+--------+--------+--------+-----+--------+
         Total |   6718 |   6484 |    234 |    405 |   4627 |  11 |  610.7 |
       Dungeon |   6105 |   5872 |    233 |    405 |   4331 |   7 |  872.1 |
        Temple |     76 |     76 |      0 |      0 |      0 |   1 |   76.0 |
         Abyss |     96 |     96 |      0 |      0 |     75 |   2 |   48.0 |
       Ossuary |    440 |    440 |      0 |      0 |    221 |   1 |  440.0 |
               +--------+--------+--------+--------+--------+-----+--------+

Top non-repeatable levels by time:
     D:5: 1369 daAuts
     D:4: 1238 daAuts
     D:1: 967 daAuts
     D:2: 833 daAuts
     D:3: 685 daAuts
     D:6: 608 daAuts
 Ossuary: 440 daAuts
     D:7: 403 daAuts
  Temple: 76 daAuts
 Abyss:2: 73 daAuts
 Abyss:3: 22 daAuts
